Map: Romanticide LE

Players

Asuna - Winner!

  • Race: Protoss Protoss

Astrea

  • Race: Protoss Protoss

Event: DreamHack SC2 Masters 2021 Winter

VOD

Have the link to the VOD?

Description

Time

  • Played on: Oct. 13, 2021, 4:47 p.m.
  • Length: 4:54

All games in this series

Show
View Real Time Build Order
Export as new Build Order

Asuna Protoss - Winner!

Build Orders: Dark Templar Rush 

Get SALT Encoding   

  12  0:00  Probe  
  13  0:12  Probe  
  14  0:20  Pylon  
  14  0:24  Probe  
  15  0:38  Gateway, Probe (Chrono Boost)  
  16  0:48  Assimilator, Probe (Chrono Boost)  
  17  0:53  Probe (Chrono Boost)  
  18  1:04  Probe  
  18  1:05  Assimilator  
  18  1:07  Pylon  
  19  1:16  Probe (Chrono Boost)  
  20  1:25  Cybernetics Core  
  20  1:26  Zealot  
  20  1:31  Probe (Chrono Boost)  
  23  1:37  Probe  
  24  1:49  Probe  
  25  2:03  Stalker (Chrono Boost)  
  25  2:04  Pylon  
  27  2:10  Stargate  
  27  2:21  Warp Gate  
  27  2:22  Probe  
  28  2:27  Stalker  
  30  2:32  Twilight Council  
  30  2:36  Pylon  
  30  2:47  Shield Battery  
  30  2:54  Robotics Facility  
  30  2:57  Gateway  
  30  3:14  Gateway, Dark Shrine  
  30  3:29  Pylon  
  30  3:35  Shield Battery  
  30  3:38  Warp Prism (Chrono Boost)  
  32  3:50  Gateway  
  32  3:58  Shield Battery  
  31  4:26  Dark Templar  
  31  4:27  Dark Templar x2  
Show
View Real Time Build Order
Export as new Build Order

Astrea Protoss 

Build Orders: Blink Stalkers 

Get SALT Encoding   

  12  0:00  Probe  
  13  0:12  Probe  
  14  0:16  Pylon  
  14  0:24  Probe (Chrono Boost)  
  16  0:35  Gateway  
  16  0:36  Probe (Chrono Boost)  
  16  0:42  Probe (Chrono Boost)  
  16  0:44  Assimilator  
  17  0:51  Probe  
  17  0:52  Assimilator  
  18  1:03  Probe (Chrono Boost)  
  19  1:06  Gateway  
  20  1:12  Probe (Chrono Boost)  
  20  1:17  Probe (Chrono Boost)  
  20  1:23  Cybernetics Core  
  21  1:29  Probe  
  22  1:39  Pylon  
  22  1:41  Probe  
  23  1:57  Probe  
  23  2:00  Warp Gate  
  23  2:01  Stalker  
  26  2:02  Stalker  
  28  2:11  Probe  
  29  2:28  Twilight Council  
  29  2:31  Stalker  
  30  2:39  Pylon  
  30  2:44  Gateway  
  30  2:49  Probe  
  31  2:57  Stalker  
  33  2:59  Blink (Chrono Boost)  
  33  3:00  Shield Battery  
  33  3:34  Robotics Facility  
  33  3:44  Pylon  
  33  3:49  Stalker  
  33  3:50  Stalker x2  
  39  4:01  Pylon  
  37  4:16  Stalker x3  
  44  4:41  Stalker  

Tags
 
Add a new tag
Caveats
  • Supply blocks, unpowered buildings, or Contaminate may cause inaccurate times.
  • Supply counts are checked every 10 seconds.